 Dungeon Crawl Stone Soup version 0.26.0-10-g1f06aea511 (webtiles) character file.

Game seed: 14014077314006671255

390 vvl the Chopper (level 6, -5/55 HPs)
             Began as a Palentonga Berserker on Jan 13, 2021.
             Was a Believer of Trog.
             Killed by divine providence
             ... invoked by an orc priest
              (17 damage)
             ... on level 5 of the Dungeon.
             The game lasted 00:05:26 (2419 turns).

vvl the Chopper (Palentonga Berserker)              Turns: 2419, Time: 00:05:26

Health: -5/55      AC:  6    Str: 28    XL:     6   Next: 50%
Magic:  7/7        EV:  6    Int:  7    God:    Trog [**....]
Gold:   199        SH: 10    Dex: 10    Spells: 5/5 levels left

rFire    . . .     SeeInvis +   a - +0 hand axe
rCold    . . .     Faith    .   o - +2 kite shield
rNeg     . . .     Spirit   .   g - +0 scale mail
rPois    .         Reflect  .   (no helmet)
rElec    .         Harm     .   (no cloak)
rCorr    .         Rampage  .   (no gloves)
Will     .....                  (no barding)
Stlth    ..........             (no amulet)
HPRegen  0.18/turn              d - +6 ring of strength
MPRegen  0.10/turn              (no ring)

@: no status effects
A: large, rugged brown scales 3, see invisible, deformed body, roll 1, armoured
tail
a: Rolling Charge, Renounce Religion, Berserk, Trog's Hand


You were on level 5 of the Dungeon.
You worshipped Trog.
Trog was pleased with you.
You visited 1 branch of the dungeon, and saw 4 of its levels.

You collected 199 gold pieces.

Inventory:

Hand Weapons
 a - a +0 hand axe (weapon)
Armour
 g - a +0 scale mail (worn)
 o - a +2 kite shield (worn)
Jewellery
 d - a +6 ring of strength (left hand)
 l - an uncursed ring of magical power
Scrolls
 b - a scroll of enchant armour {unknown}
 e - 2 scrolls of fog {unknown}
 f - 4 scrolls of remove curse {unknown}
 i - a scroll of enchant weapon {unknown}
 j - a scroll of amnesia {unknown}
 k - a scroll of identify {unknown}
 p - a scroll of magic mapping {unknown}
Potions
 c - a potion of haste {unknown}
 h - 3 potions of curing {unknown}
 m - a potion of resistance {unknown}
 n - a potion of might {unknown}


   Skills:
 + Level 4.1 Fighting
 * Level 5.0 Axes
 + Level 2.6 Armour
 - Level 2.2 Dodging
 - Level 0.2 Stealth
 + Level 1.1 Shields
 + Level 1.6 Invocations
 + Level 1.3 Evocations


You had 5 spell levels left.
You didn't know any spells.
Your spell library was empty.

Dungeon Overview and Level Annotations

Branches:
Dungeon (3/15)

Altars:
Fedhas


Innate Abilities, Weirdness & Mutations

You are completely covered in rugged brown scales. (AC +3, +7% HP)
You have supernaturally acute eyesight. (SInv)
Armour fits poorly on your strangely shaped body.
You can roll at nearby foes to attack.
You have a long armoured tail.


Message History

You barely miss the orc wizard. You tail-slap the orc wizard.
You kill the orc wizard!
Trog accepts your kill.
Trog appreciates your killing of a magic user.
You hit the orc priest.
The orc priest hits you but does no damage.
Your Axes skill increases to level 5!
You hit the orc priest.
Your tail-slap misses the orc priest.
The orc priest is heavily wounded.
The orc priest invokes the aid of Beogh against you.
Beogh smites you!
* * * LOW HITPOINT WARNING * * *
You hit the orc priest.
The orc priest is severely wounded.
The orc priest hits you but does no damage.
You hit the orc priest.
The orc priest is severely wounded.
The orc priest calls down the wrath of Beogh upon you.
Beogh smites you!
You die...

#.# #........(##.#
#.# ##.#########.#
#.# #.# #.# #(#
####.#########.#
#.#
#............#.###
#.
#.##.#######......
#.#####.##.#
#..........
#..........#
#..........
######@####
#..........
...$>.o)#
##.........
###..####
#......... ##
#.........
#...)..... ######
#.)#.####. ......
#.)#)### . ######
#.)....#
####)##....#


You could see an orc priest.

Vanquished Creatures
  A centaur (D:5)
  A bullfrog (D:5)
  A hound (D:5)
  3 orc wizards (D:5)
  A bullfrog skeleton (D:5)
  A howler monkey zombie (D:5)
  An adder (D:2)
  A white imp (D:5)
  An ooze (D:5)
  3 worms (D:2)
  A dart slug (D:2)
  4 leopard geckos
  6 orcs (D:5)
  3 giant cockroaches
  8 goblins
  4 hobgoblins
  2 quokkas
  6 bats
  3 frilled lizards (D:2)
  4 kobolds
  8 rats
63 creatures vanquished.

Notes
Turn   | Place    | Note
-------+----------+-------------------------------------------
     0 | D:1      | vvl the Palentonga Berserker began the quest for the Orb.
     0 | D:1      | Reached XP level 1. HP: 20/20 MP: 1/1
   126 | D:1      | Reached XP level 2. HP: 21/27 MP: 2/2
   822 | D:2      | Reached XP level 3. HP: 32/33 MP: 3/3
   844 | D:2      | Reached ** piety under Trog
  1086 | D:2      | Found a blossoming altar of Fedhas.
  1625 | D:3      | Reached XP level 4. HP: 37/40 MP: 4/4
  1659 | D:3      | You fall into a shaft and drop 2 floors!
  1659 | D:5      | Entered Level 5 of the Dungeon
  1668 | D:5      | Reached skill level 4 in Axes
  1908 | D:5      | Reached XP level 5. HP: 42/49 MP: 5/5
  1978 | D:5      | Reached skill level 1 in Invocations
  2141 | D:5      | Noticed a centaur
  2150 | D:5      | Killed a centaur
  2151 | D:5      | Reached skill level 1 in Shields
  2151 | D:5      | Reached skill level 1 in Evocations
  2151 | D:5      | Reached XP level 6. HP: 44/55 MP: 5/7
  2417 | D:5      | Reached skill level 5 in Axes
  2419 | D:5      | Killed from afar by an orc priest

Illustrated notes

Levels and vault maps discovered:
D:1:      scummos_arrival_gate, layout_rooms
D:2:      minmay_chambers_of_twos, layout_loops_ring,
          nicolae_overflow_crystal_walls, minmay_ruptured
D:3:      layout_loops_ring, uniq_grinder, uniq_sigmund, uniq_jessica,
          uniq_crazy_yiuf_cottage
D:5:      layout_loops_ring, minmay_temple_entry_statues, uniq_prince_ribbit1,
          uniq_edmund

Skill      XL: |  1  2  3  4  5  6 |
---------------+-------------------+-----
Armour         | 2 |  2.6
Dodging        | 2 |  2.2
Axes           | 4 5 |  5.0
Invocations    | 1 |  1.6
Fighting       | 4 |  4.1
Shields        | 1 |  1.1
Evocations     | 1 |  1.3
Stealth        | |  0.2

Action                   |  1- 3 |  4- 6 || total
-------------------------+-------+-------++-------
Melee: Hand axe          |   109 |    64 ||   173
       Tailslap          |    18 |    16 ||    34
 Abil: Rolling Charge    |       |     1 ||     1
Armor: Animal skin       |     6 |       ||     6
       Scale mail        |    52 |    27 ||    79
Dodge: Dodged            |    45 |    21 ||    66
Block: Kite shield       |       |    25 ||    25
